Map: Dusk Towers

Players

wron

  • Race: Terran Terran
  • League: Diamond

Killa - Winner!

  • Race: Protoss Protoss
  • League: Diamond

VOD

Have the link to the VOD?

Description

Time

  • Played on: April 13, 2016, 6:57 p.m.
  • Length: 17:31
Show
View Real Time Build Order
Export as new Build Order

wron Terran 

Build Orders: 1/1/1, Liberator Opening, MMM Bio 

Get SALT Encoding   

  12  0:00  SCV  
  13  0:13  SCV  
  14  0:20  Supply Depot  
  14  0:25  SCV  
  15  0:32  Refinery  
  15  0:42  SCV  
  16  0:49  Barracks  
  16  0:54  SCV  
  17  1:06  SCV  
  18  1:18  SCV  
  19  1:24  Refinery  
  19  1:36  Orbital Command, Marine  
  19  1:38  Factory  
  20  1:46  Supply Depot  
  20  1:54  Marine  
  21  2:01  SCV  
  22  2:12  Marine  
  23  2:19  SCV  
  23  2:22  Widow Mine  
  24  2:23  Starport  
  24  2:29  Marine, Refinery  
  26  2:34  Supply Depot  
  27  2:46  SCV  
  27  2:51  Marine  
  29  2:58  SCV  
  29  3:00  Bunker  
  29  3:02  Medivac  
  32  3:10  SCV  
  33  3:13  Widow Mine  
  35  3:20  Marine  
  35  3:25  Command Center  
  36  3:31  Supply Depot  
  36  3:32  SCV  
  37  3:35  Liberator  
  37  3:42  Marine  
  38  3:52  Engineering Bay  
  38  3:55  SCV  
  42  3:58  Factory Tech Lab  
  42  3:59  Marine  
  43  4:04  Supply Depot  
  43  4:07  SCV  
  44  4:17  Marine  
  44  4:19  Missile Turret  
  44  4:23  Liberator  
  45  4:26  Missile Turret  
  45  4:27  SCV  
  46  4:35  Marine  
  47  4:39  SCV  
  51  4:51  SCV  
  51  4:52  Orbital Command  
  52  4:54  Marine  
  53  5:03  SCV  
  53  5:06  Siege Tank  
  56  5:19  SCV  
  47  5:32  Marine  
  43  5:38  Hellion  
  38  5:43  SCV x2  
  38  5:49  Marine  
  36  5:55  SCV  
  38  6:01  Viking  
  38  6:02  SCV  
  39  6:13  SCV  
  39  6:14  SCV  
  41  6:25  SCV  
  42  6:27  SCV  
  42  6:31  Factory Tech Lab, Marine, Stimpack  
  44  6:39  SCV x2  
  46  6:42  Barracks x2  
  46  6:51  SCV x2  
  46  6:52  Starport Reactor  
  48  7:06  SCV x2  
  50  7:10  Marine  
  51  7:16  Siege Tank, Refinery  
  51  7:18  SCV x2  
  56  7:23  Supply Depot  
  56  7:24  Supply Depot  
  56  7:28  Marauder  
  58  7:30  Barracks Reactor, SCV x2  
  60  7:40  Barracks Reactor  
  60  7:42  SCV x2  
  62  7:49  Marauder  
  64  7:54  SCV x2  
  64  7:57  Supply Depot  
  66  7:59  Missile Turret  
  66  8:10  Marine x3  
  66  8:11  Terran Infantry Weapons Level 1  
  69  8:13  Medivac  
  69  8:18  Medivac  
  69  8:19  SCV x2  
  75  8:23  Bunker  
  75  8:30  Marine x2  
  75  8:31  Marine, SCV, Combat Shields  
  77  8:47  Command Center, Marine  
  78  8:59  Marine x3  
  78  9:00  Marine  
  82  9:05  Marine  
  82  9:06  Siege Tank  
  86  9:14  Supply Depot  
  86  9:17  Marine  
  86  9:18  Supply Depot  
  86  9:21  Marine  
  88  9:30  Marine x2  
  88  9:31  Marine  
  91  9:35  Marine  
  92  9:39  Marine  
  86  9:48  Marine x2  
  86  9:51  Marine  
  80  9:53  Marine  
  80  9:56  Marine  
  75  10:09  Marine  
  74  10:19  Marine  
  70  10:22  Marine  
  70  10:27  Marine  
  68  10:47  Marine x2  
  70  10:55  Marine  
  71  11:02  Missile Turret  
  71  11:05  Marine  
  71  11:08  SCV  
  70  11:17  Marine x2  
  69  11:21  SCV  
  70  11:33  SCV, Supply Depot  
  69  11:53  Marine  
  69  11:54  Marine x2  
  58  12:11  Marine x2  
  58  12:12  Marine  
  53  12:29  Marine x3  
  53  12:47  Marine x3  
  56  12:57  Command Center  
  56  13:03  SCV  
  58  13:12  Barracks Tech Lab  
  58  13:13  Barracks Tech Lab  
  58  13:14  Barracks Reactor  
  53  13:40  Missile Turret  
  51  13:50  SCV  
  52  13:56  Marine x2  
  52  14:01  Bunker  
  52  14:02  SCV  
  57  14:03  Marauder  
  59  14:10  Orbital Command  
  57  14:18  SCV  
  57  14:21  Barracks Reactor  
  57  14:22  Raven  
  60  14:30  SCV  
  61  14:36  Marauder  
  63  14:39  Marine  
  63  14:42  SCV  
  63  14:43  SCV  
  66  14:47  Marine  
  67  14:56  Siege Tank  
  67  14:58  Marine  
  67  14:59  Marine  
  71  15:03  Marine  
  73  15:14  Marine x2  
  74  15:19  Marine x2  
  74  15:22  Marine  
  74  15:25  Concussive Shells  
  74  15:27  SCV x2  
  77  15:34  Marine x2  
  79  15:39  Marine x2, SCV  
  82  15:45  Siege Tank  
  82  15:48  Marine  
  86  15:51  Marine  
  86  15:52  Marauder  
  89  16:18  Marine x2, Siege Tank  
  92  16:24  Command Center  
  94  16:29  Missile Turret  
  78  16:43  Marine x2, Marauder  
  70  16:52  Marine x2  
  70  16:53  Siege Tank  
  62  17:01  Marine  
  53  17:05  Marauder  
  53  17:17  SCV  
Show
View Real Time Build Order
Export as new Build Order

Killa Protoss - Winner!

Build Orders: 1 Gate Expand 

Get SALT Encoding   

  12  0:01  Probe (Chrono Boost)  
  13  0:12  Probe (Chrono Boost)  
  14  0:18  Pylon  
  14  0:22  Probe (Chrono Boost)  
  15  0:36  Probe (Chrono Boost)  
  15  0:38  Gateway  
  16  0:44  Assimilator  
  16  0:47  Probe (Chrono Boost)  
  17  0:58  Probe (Chrono Boost)  
  18  1:08  Probe (Chrono Boost)  
  19  1:20  Nexus  
  19  1:29  Cybernetics Core  
  20  1:33  Probe (Chrono Boost)  
  20  1:40  Pylon  
  20  1:47  Probe (Chrono Boost)  
  21  2:04  Warp Gate (Chrono Boost)  
  21  2:05  Adept  
  21  2:06  Assimilator  
  23  2:12  Gateway  
  23  2:13  Probe  
  24  2:32  Adept  
  25  2:48  Robotics Facility  
  25  2:51  Probe  
  25  2:56  Probe  
  27  3:00  Adept  
  27  3:01  Adept  
  27  3:02  Probe  
  32  3:08  Forge  
  32  3:09  Probe  
  33  3:13  Probe  
  34  3:22  Probe  
  34  3:23  Probe  
  36  3:31  Gateway  
  36  3:34  Probe  
  37  3:36  Warp Prism (Chrono Boost)  
  39  3:51  Gateway  
  39  3:53  Gateway  
  39  4:01  Gateway  
  39  4:08  Gateway  
  39  4:22  Pylon  
  39  4:28  Pylon  
  39  4:30  Mothership Core  
  38  4:33  Adept  
  40  4:45  Adept  
  42  5:06  Adept  
  42  5:07  Adept  
  46  5:22  Pylon  
  46  5:25  Pylon  
  42  5:43  Probe  
  42  5:45  Pylon  
  35  5:51  Pylon  
  35  5:52  Pylon  
  35  5:54  Stalker  
  35  5:55  Stalker x3  
  40  6:19  Probe  
  41  6:26  Assimilator  
  41  6:31  Probe  
  46  6:42  Warp Prism (Chrono Boost), Adept x2  
  46  6:43  Stalker x2  
  53  7:01  Probe  
  53  7:09  Nexus  
  53  7:12  Assimilator  
  53  7:13  Probe  
  53  7:14  Observer (Chrono Boost)  
  55  7:25  Adept x2  
  59  7:35  Probe, Twilight Council  
  57  8:00  Observer (Chrono Boost)  
  58  8:06  Probe  
  59  8:16  Dark Shrine  
  59  8:21  Probe  
  59  8:22  Probe  
  60  8:34  Probe  
  60  8:38  Probe  
  62  8:46  Probe  
  63  8:49  Probe  
  64  8:59  Probe x2  
  66  9:10  Probe  
  66  9:11  Probe  
  68  9:35  Dark Templar x2  
  68  9:36  Dark Templar x4  
  60  10:35  Probe  
  60  10:36  Probe  
  62  10:48  Probe  
  55  10:53  Probe  
  55  10:56  Stalker x3  
  62  11:05  Mothership Core, Pylon  
  62  11:07  Pylon  
  64  11:13  Probe  
  65  11:19  Gateway x2  
  65  11:25  Probe  
  65  11:26  Probe, Blink (Chrono Boost)  
  65  11:27  Pylon  
  65  11:28  Nexus  
  65  11:30  Pylon  
  65  11:31  Pylon  
  67  11:34  Pylon  
  67  11:37  Pylon  
  67  11:38  Probe x2, Forge  
  69  11:42  Gateway  
  69  11:44  Gateway  
  69  11:46  Gateway  
  69  11:49  Dark Templar  
  69  11:50  Dark Templar x2  
  59  12:03  Dark Templar  
  52  12:23  Dark Templar x3  
  52  12:24  Dark Templar x2  
  62  12:32  Pylon  
  62  12:34  Pylon  
  62  12:41  Stalker  
  65  12:44  Probe  
  65  12:47  Warp Prism  
  65  12:53  Nexus  
  67  13:06  Photon Cannon  
  67  13:11  Photon Cannon  
  67  13:14  Pylon  
  67  13:17  Pylon  
  61  13:22  Probe x2  
  59  13:50  Adept  
  59  13:51  Adept x5  
  59  13:52  Adept  
  73  14:00  Immortal  
  73  14:01  Photon Cannon  
  73  14:02  Photon Cannon  
  73  14:04  Pylon  
  77  14:13  Templar Archives, Stalker x3  
  77  14:14  Stalker x3  
  89  14:21  Probe  
  89  14:22  Probe  
  89  14:23  Probe  
  92  14:27  Dark Templar  
  94  14:37  Dark Templar x3  
  100  14:47  Adept  
  100  14:48  Adept x2  
  106  14:55  Pylon  
  104  15:17  Probe  
  104  15:19  Probe  
  98  15:21  Assimilator  
  98  15:22  Stalker x2  
  98  15:23  Stalker x4  
  98  15:25  Assimilator  
  98  15:26  Protoss Ground Weapons Level 1  
  110  15:32  High Templar  
  112  15:45  High Templar x3  
  118  16:00  High Templar  
  120  16:09  Immortal  
  120  16:13  Adept x3  
  118  16:46  Adept x4  
  118  16:47  Adept x3  
  124  16:53  Archon, Warp Prism  
  121  17:11  Stalker x3  
  121  17:12  Stalker  
  129  17:19  Nexus  
  129  17:22  Pylon  
  129  17:24  Pylon  
Tags
 
Add a new tag
Caveats
  • Supply blocks, unpowered buildings, or Contaminate may cause inaccurate times.
  • Supply counts are checked every 10 seconds.